 Dungeon Crawl Stone Soup version 0.29-a0-322-g68df515428 (webtiles) character file.

Game seed: 17766177884337826698

38 YayAnonymity the Magician (level 3, -1/19 HPs)
             Began as a Deep Elf Air Elementalist on Apr 9, 2022.
             Slain by an ogre
             ... wielding a +0 giant club
              (20 damage)
             ... on level 2 of the Dungeon.
             The game lasted 00:03:30 (1878 turns).

YayAnonymity the Magician (DEAE)                    Turns: 1878, Time: 00:03:31

Health: -1/19      AC:  4    Str:  5    XL:     3   Next: 25%
Magic:  7/10       EV: 11    Int: 21    God:
Gold:   83         SH:  0    Dex: 15    Spells: 6/9 levels left

rFire   . . .      SeeInvis .   h - +0 spear (flame)
rCold   . . .      Faith    .   (no shield)
rNeg    . . .      Spirit   .   e - +0 leather armour
rPois   .          Reflect  .   (no helmet)
rElec   .          Harm     .   (no cloak)
rCorr   .          Rampage  .   (no gloves)
Will    .....                   g - +0 pair of boots
Stlth   ++........              (no amulet)
HPRegen 0.06/turn               (no ring)
MPRegen 0.12/turn               (no ring)

@: very slightly contaminated
A: no striking features
a: no special abilities


You were on level 2 of the Dungeon.
You visited 1 branch of the dungeon, and saw 2 of its levels.

You collected 83 gold pieces.

Inventory:

Hand Weapons
 h - a +0 spear of flaming (weapon)
Armour
 a - a +0 robe
 e - a +0 leather armour (worn)
 g - a +0 pair of boots (worn)
Scrolls
 j - 3 scrolls of identify {unknown}
Potions
 b - a potion of magic
 c - a potion of flight {unknown}
 d - a potion of haste {unknown}
 f - 2 potions of curing {unknown}
 i - a potion of mutation {unknown}
 k - a potion of degeneration {unknown}
 l - a potion of invisibility {unknown}


   Skills:
 - Level 2.4 Dodging
 - Level 2.4 Stealth
 + Level 3.5 Spellcasting
 * Level 2.6 Conjurations
 + Level 0.3 Translocations
 + Level 3.3 Air Magic


You had 6 spell levels left.
You knew the following spells:

 Your Spells              Type           Power      Damage    Failure   Level
a - Shock                 Conj/Air       64%        1d7       6%          1
b - Blink                 Tloc           10%        N/A       28%         2

Your spell library contained the following spells:

 Spells                   Type           Power      Damage    Failure   Level
 Static Discharge         Conj/Air       16%        N/A       10%         2
 Swiftness                Air            17%        N/A       16%         3
 Airstrike                Air            8%         N/A       47%         4
 Manifold Assault         Tloc           5%         N/A       99%         5
 Storm Form               Tmut/Air       5%         N/A       100%        7


Dungeon Overview and Level Annotations

Branches:
Dungeon (2/15)

Altars:


Message History

Found an inky potion.
Casting: Shock (safe; 6% risk of failure)
Confirm with . or Enter, or press ? or * to list all spells.
Aiming: Shock (safe; 6% risk of failure)
Press: ? - help, Shift-Dir - straight line, f - quokka
Aim: a quokka (asleep, 100% to hit)
The zap hits the quokka!
You kill the quokka!
Found 13 stones.
You see here 13 stones.
l - an inky potion You see here 13 stones.
There is a stone staircase leading down here.
An ogre comes into view. It is wielding a +0 giant club.
Okay, then.
Casting: Shock (safe; 6% risk of failure)
Confirm with . or Enter, or press ? or * to list all spells.
Aiming: Shock (safe; 6% risk of failure)
Press: ? - help, Shift-Dir - straight line, f - ogre
Aim: an ogre, wielding a +0 giant club (86% to hit)
The zap misses the ogre.
There is a stone staircase leading down here.
Casting: Shock (safe; 6% risk of failure)
Confirm with . or Enter, or press ? or * to list all spells.
Aiming: Shock (safe; 6% risk of failure)
Press: ? - help, Shift-Dir - straight line, f/p - ogre
Aim: an ogre, wielding a +0 giant club (86% to hit)
You miscast Shock.
You are very lightly contaminated with residual magic.
Nothing appears to happen.
Casting: Shock (safe; 6% risk of failure)
Confirm with . or Enter, or press ? or * to list all spells.
Aiming: Shock (safe; 6% risk of failure)
Press: ? - help, Shift-Dir - straight line, f/p - ogre
Aim: an ogre, wielding a +0 giant club (86% to hit)
The zap hits the ogre.
The ogre is lightly wounded.
The ogre hits you with a +0 giant club!!
Ouch! That really hurt!
You die...

#####.......## #
##.......# #
##.#.##.#
#########.##.#
......# #.##.#
#####.###.##.########
#...(.#............
#.....####.####.###
#.............@O..#
#.....###########.#
#.....# .# ####### .#
.# .# .# .#


You could see an ogre.

Vanquished Creatures
  4 endoplasms
  3 giant cockroaches (D:1)
  5 goblins (D:1)
  3 hobgoblins (D:1)
  2 quokkas
  4 ball pythons
  4 bats
  2 frilled lizards (D:1)
  3 kobolds
  3 rats
33 creatures vanquished.

Notes
Turn   | Place    | Note
-------+----------+-------------------------------------------
     0 | D:1      | YayAnonymity the Deep Elf Air Elementalist began the quest
                  | for the Orb.
     0 | D:1      | Reached XP level 1. HP: 10/10 MP: 6/6
   231 | D:1      | Reached XP level 2. HP: 15/15 MP: 6/8
   749 | D:1      | Found a faded altar of an unknown god.
   990 | D:1      | Learned a level 2 spell: Blink
  1022 | D:1      | Reached XP level 3. HP: 19/19 MP: 6/10
  1873 | D:2      | Noticed an ogre
  1878 | D:2      | Slain by an ogre

Illustrated notes

Levels and vault maps discovered:
D:1:      dpeg_arrival_rooms_a, layout_loops_ring,
          hellmonk_ecumenical_altar_pennies_from_heaven
D:2:      layout_loops_ring, minmay_misc_feat_room, nicolae_figureground_sparkle

Skill      XL: |  1  2 |
---------------+-------+-----
Conjurations   | 2 |  2.6
Dodging        | |  2.4
Stealth        | |  2.4
Spellcasting   | |  3.5
Translocations | |  0.3
Air Magic      | |  3.3

Action                   || total
-------------------------++-------
Melee: Dagger            ||     1
 Cast: Shock             ||    62
Armor: Leather armour    ||     1
Dodge: Dodged            ||     6

Table legend: (Time is in decaauts)
 A = Elapsed time spent in this place.
 B = Non-inter-level travel time spent in this place.
 C = Inter-level travel time spent in this place.
 D = Time resting spent in this place.
 E = Time spent auto-exploring this place.
 F = Levels seen in this place.
 G = Mean time per level.
                   A        B        C        D        E       F      G
               +--------+--------+--------+--------+--------+-----+--------+
         Total |   1880 |   1772 |    108 |     66 |   1508 |   2 |  940.0 |
       Dungeon |   1880 |   1772 |    108 |     66 |   1508 |   2 |  940.0 |
               +--------+--------+--------+--------+--------+-----+--------+

Top non-repeatable levels by time:
     D:1: 1361 daAuts
     D:2: 518 daAuts
